 Dungeon Crawl Stone Soup version 0.31-a0-219-g8d62b2e7bb (webtiles) character file.

Game seed: 16924468697066332770

70 senseless the Shooter (level 4, -2/30 HPs)
             Began as an Octopode Hunter on July 3, 2023.
             Was a Follower of Cheibriados.
             Shot with an arrow by a centaur (13 damage)
             ... on level 3 of the Dungeon.
             The game lasted 00:04:12 (1933 turns).

senseless the Shooter (Octopode Hunter)             Turns: 1933, Time: 00:04:12

Health: -2/30      AC:  1    Str: 13    XL:     4   Next: 22%
Magic:  4/4        EV: 14    Int: 14    God:    Cheibriados [*.....]
Gold:   265        SH:  0    Dex: 20    Spells: 3/3 levels left

rFire   . . .        a - +0 shortbow
rCold   . . .        (shield currently unavailable)
rNeg    . . .        (helmet restricted)
rPois   .            (no amulet)
rElec   .            (no ring)
rCorr   .            (no ring)
SInv    .            (no ring)
Will    .....        (no ring)
Stlth   ++++         (no ring)
HPRegen 0.25/turn    (no ring)
MPRegen 0.09/turn    (no ring)
                     (no ring)

%: no passive effects
@: very slow
A: almost no armour, amphibious, 8 rings, camouflage 1, gelatinous body 1,
(nimble swimmer 1), tentacles
a: Renounce Religion, Bend Time


You were on level 3 of the Dungeon.
You worshipped Cheibriados.
Cheibriados was aware of your devotion.
You visited 1 branch of the dungeon, and saw 3 of its levels.

You collected 265 gold pieces.

Inventory:

Hand Weapons
 a - a +0 shortbow (weapon)
 b - a +3 dagger of flaming
 j - a +4 dagger
Jewellery
 o - a ring of ice
Scrolls
 c - a scroll of poison {unknown}
 f - a scroll of teleportation
 g - a scroll of butterflies
 m - a scroll of fear
Potions
 d - a potion of resistance {unknown}
 e - 2 potions of brilliance
 h - a potion of enlightenment {unknown}
 i - a potion of invisibility {unknown}
 k - 3 potions of heal wounds {unknown}
 p - 2 potions of ambrosia {unknown}


   Skills:
 + Level 2.7 Fighting
 + Level 4.4 Ranged Weapons
 + Level 2.7 Dodging
 + Level 3.0 Stealth


You had 3 spell levels left.
You didn't know any spells.
Your spell library contained the following spells:

 Spells                   Type           Power      Damage    Failure   Level
 Hailstorm                Conj/Ice       0%         3d3       65%         3
 Ice Form                 Ice/Tmut       0%         N/A       96%         4
 Simulacrum               Ice/Necr       0%         N/A       100%        6


Dungeon Overview and Level Annotations

Branches:
Dungeon (3/15)

Altars:
Cheibriados
Vehumet


Innate Abilities, Weirdness & Mutations

You cannot wear most types of armour.
You are amphibious.
You can wear up to eight rings at the same time.
Your skin changes colour to match your surroundings (Stealth+).
Your rubbery body absorbs attacks. (AC +1, EV +1)
((You are camouflaged when in or above water. (Stealth+)))
You have tentacles for arms and can constrict up to eight enemies at once.


Message History

Found a radiant altar of Vehumet.
You now have 231 gold pieces (gained 6).
You now have 244 gold pieces (gained 13).
f - a scroll of teleportation
h - a black potion You now have 259 gold pieces (gained 15).
Found a stone staircase leading up.
Found a trident.
k - 3 fuming brown potions (gained 1)
You see here a +0 trident.
Found a stone staircase leading down.
There is a stone staircase leading down here.
You now have 265 gold pieces (gained 6).
A giant cockroach comes into view.
You shoot an arrow. The arrow hits the giant cockroach.
The giant cockroach is severely wounded.
You shoot an arrow.
The arrow hits the giant cockroach but does no damage.
The giant cockroach is severely wounded.
You shoot an arrow. The arrow hits the giant cockroach.
You kill the giant cockroach!
Cheibriados thoroughly appreciates the change of pace.
Cheibriados raises the support of your attributes as your movement slows.
A centaur comes into view.
You shoot an arrow. The centaur shouts!
The arrow hits the centaur.
The centaur is lightly wounded.
The centaur wields a +0 orcbow.
The centaur shoots an arrow.
The arrow hits you.
You shoot an arrow.
The arrow hits the centaur but does no damage.
The centaur is lightly wounded.
The centaur shoots an arrow.
The arrow barely misses you.
The centaur shoots an arrow.
The arrow hits you!
You shoot an arrow. The arrow hits the centaur!
The centaur is moderately wounded.
The centaur shoots an arrow.
The arrow hits you!
The centaur shoots an arrow.
The arrow hits you!
You die...

#..# #..# #.# #..# #c#
#..####### ...
#........## #.#
##.........###.#
###...#.#.#...##.#
...............#.#
.#..#..#[#..#..#@##
##.............##.######
#..#.#._.#.#..###.....#
#.............##.####.#
##..#..#.#..#..#.## #.#
#..............### #.#
#.....#.#.#...##### #.#
#..#..............# #.#
.............####.####.#


You could see a centaur.

Vanquished Creatures
  An adder (D:2)
  3 dart slugs
  8 endoplasms
  3 giant cockroaches
  4 goblins
  7 hobgoblins
  4 jackals (D:1)
  2 quokkas
  2 ball pythons
  5 bats
  2 frilled lizards (D:2)
  6 kobolds
  2 rats
49 creatures vanquished.

Notes
Turn   | Place    | Note
-------+----------+-------------------------------------------
     0 | D:1      | senseless the Octopode Hunter began the quest for the Orb.
     0 | D:1      | Reached XP level 1. HP: 14/14 MP: 1/1
   148 | D:1      | Reached XP level 2. HP: 19/19 MP: 2/2
   453 | D:1      | Reached XP level 3. HP: 23/25 MP: 3/3
  1019 | D:2      | Reached XP level 4. HP: 26/30 MP: 4/4
  1242 | D:2      | Found a faded altar of an unknown god.
  1280 | D:2      | Prayed at the altar of an unknown god.
  1280 | D:2      | Became a worshipper of Cheibriados the Contemplative
  1280 | D:2      | Reached * piety under Cheibriados
  1710 | D:3      | Found a radiant altar of Vehumet.
  1930 | D:3      | Noticed a centaur
  1933 | D:3      | Shot with an arrow by a centaur

Illustrated notes

Levels and vault maps discovered:
D:1:      minmay_arrival_wavy_path, layout_loops_corners
D:2:      layout_rooms, shapermc_ecumenical_altar_pompeii, minmay_liquid_box,
          minmay_fractal_squares_5
D:3:      layout_loops_ring, nicolae_vehumet_radiance

Skill      XL: |  1  2  3  4 |
---------------+-------------+-----
Stealth        | 2 3 |  3.0
Fighting       | |  2.7
Ranged Weapons | |  4.4
Dodging        | |  2.7

Action                     |  1- 3 |  4- 6 || total
---------------------------+-------+-------++-------
  Melee: Dagger            |    12 |     4 ||    16
         Constrict         |     4 |     1 ||     5
         Tentacles         |     3 |       ||     3
   Fire: Shortbow          |    71 |    21 ||    92
    Use: Scroll            |       |     7 ||     7
   Stab: Sleeping          |       |     1 ||     1
  Dodge: Dodged            |    13 |     3 ||    16

Table legend: (Time is in decaauts)
 A = Elapsed time spent in this place.
 B = Non-inter-level travel time spent in this place.
 C = Inter-level travel time spent in this place.
 D = Time resting spent in this place.
 E = Time spent auto-exploring this place.
 F = Levels seen in this place.
 G = Mean time per level.
                   A        B        C        D        E       F      G
               +--------+--------+--------+--------+--------+-----+--------+
         Total |   2177 |   2057 |    120 |      0 |   1788 |   3 |  725.7 |
       Dungeon |   2177 |   2057 |    120 |      0 |   1788 |   3 |  725.7 |
               +--------+--------+--------+--------+--------+-----+--------+

Top non-repeatable levels by time:
     D:1: 942 daAuts
     D:2: 755 daAuts
     D:3: 479 daAuts
